 Dungeon Crawl Stone Soup version 0.26-a0-613-g4f23886 (webtiles) character file.

Game seed: 3129658534920988862

152 Hazorath the Skirmisher (level 5, 0/34 HPs)
             Began as a Kobold Fighter on Sept 10, 2020.
             Killed by nerve-wracking pain
             ... invoked by an orc priest
              (12 damage)
             ... on level 3 of the Dungeon.
             The game lasted 00:06:21 (3211 turns).

Hazorath the Skirmisher (Kobold Fighter)            Turns: 3211, Time: 00:06:22

Health: 0/34       AC:  6    Str: 14    XL:     5   Next: 60%
Magic:  5/5        EV: 11    Int:  9    God:
Gold:   51         SH:  0    Dex: 15    Spells: 4/4 levels left

rFire    . . .     SeeInvis .     - Unarmed
rCold    . . .     Faith    .   (shield restricted)
rNeg     . . .     Spirit   .   a - +0 scale mail
rPois    .         Reflect  .   (no helmet)
rElec    .         Harm     .   (no cloak)
rCorr    .                      (no gloves)
MR       .....                  (no boots)
Stlth    +.........             (no amulet)
HPRegen  0.11/turn              (no ring)
MPRegen  0.09/turn              (no ring)

@: no status effects
A: small, nightstalker 3
a: no special abilities


You were on level 3 of the Dungeon.
You visited 1 branch of the dungeon, and saw 3 of its levels.

You collected 141 gold pieces.
You spent 90 gold pieces at shops.

Inventory:

Missiles
 c - 6 boomerangs
 d - 24 sling bullets
 f - a throwing net (quivered)
 p - 23 bolts
Armour
 a - a +0 scale mail (worn)
Scrolls
 g - a scroll of immolation {unknown}
 i - 3 scrolls of teleportation {unknown}
 k - 3 scrolls of fear {unknown}
 l - a scroll of random uselessness {unknown}
 n - 4 scrolls of remove curse {unknown}
Potions
 b - 2 potions of curing
 e - a potion of heal wounds {unknown}
 h - a potion of haste
 j - a potion of mutation
 m - a potion of flight
 o - a potion of lignification
 q - a potion of degeneration {unknown}
 r - a potion of brilliance {unknown}


   Skills:
 + Level 4.5 Fighting
 - Level 2.4 Armour
   Level 2.4 Shields
 * Level 4.5 Unarmed Combat


You had 4 spell levels left.
You didn't know any spells.
Your spell library was empty.

Dungeon Overview and Level Annotations

Branches:
Dungeon (3/15)

Altars:
Zin
The Shining One


Innate Abilities, Weirdness & Mutations

You are small and have problems with some larger weapons.
You are completely attuned to the shadows.


Message History

The orc hits you but does no damage.
You closely miss the orc priest.
The orc priest is moderately wounded.
The orc hits you but does no damage. The orc closely misses you.
The orc hits you but does no damage.
The orc priest hits you with a +0 falchion!
You hit the orc priest but do no damage.
The orc priest is moderately wounded.
The orc closely misses you. The orc hits you but does no damage.
The orc hits you with a +0 short sword.
The orc priest mumbles some strange prayers to Beogh against you.
You barely resist. You hit the orc priest.
The orc priest is heavily wounded.
The orc closely misses you. x2; The orc hits you but does no damage.
You hit the orc priest.
The orc priest is severely wounded.
The orc priest mumbles some strange prayers to Beogh against you.
Pain shoots through your body!
You die...

#....#...#..........#.#
#....#.#.#.####.....#.#
####.........#####....#.#
#.....##.#[......#....#.##
#####.....##.#...###.##..##..#
............^#..<.........#..#
......................>...#.##
...............#.#######....#
.....#####)...#o@o..........#
...............oo#########..#
##.##########.......o....####
#..(...... #......#####...o####
#########.##.#..........##o....
.##(#.#......####....#
#.#.#......# #o...#
..#.#......# #....# #.#......#
#....#


You could see an orc priest and 3 orcs.

Vanquished Creatures
  5 adders
  4 gnolls (D:2)
  2 worms (D:2)
  2 dart slugs
  An orc (D:3)
  A giant cockroach (D:1)
  7 goblins
  3 hobgoblins
  4 jackals (D:2)
  5 kobolds
  4 quokkas
  A ball python (D:2)
  10 bats
  2 frilled lizards
  8 rats
59 creatures vanquished.

Vanquished Creatures (others)
  5 plants (D:2)
  4 toadstools (D:1)
9 creatures vanquished.

Grand Total: 68 creatures vanquished

Notes
Turn   | Place    | Note
-------+----------+-------------------------------------------
     0 | D:1      | Hazorath the Kobold Fighter began the quest for the Orb.
     0 | D:1      | Reached XP level 1. HP: 14/14 MP: 1/1
   312 | D:1      | Reached XP level 2. HP: 16/19 MP: 2/2
   863 | D:1      | Reached XP level 3. HP: 23/24 MP: 3/3
  1274 | D:2      | Found a glowing golden altar of the Shining One.
  1473 | D:2      | Reached XP level 4. HP: 17/29 MP: 4/4
  2166 | D:2      | Reached XP level 5. HP: 24/33 MP: 5/5
  2799 | D:3      | Found Zin's Purification Station.
  2799 | D:3      | Found a glowing silver altar of Zin.
  2804 | D:3      | Bought a potion of curing for 90 gold pieces
  3211 | D:3      | Killed from afar by an orc priest

Illustrated notes

Levels and vault maps discovered:
D:1:      ldierk_walled_garden_2, layout_basic
D:2:      layout_loops_ring, overflow_temple_1_default, guppyfry_early_lair_pool
D:3:      layout_basic, zin_purify, minitemple, serial_co_window_serial,
          co_window_paths_a, co_window_of_opportunity_a, co_window_cross_1,
          co_window_cross_1, co_window_corner_a, co_window_corner_a,
          co_window_paths_a, co_window_paths_a, co_window_paths_a,
          co_window_of_opportunity_b, co_window_unsneaky_path_e,
          co_window_2corner, co_window_paths_d, glass_columns_c

Skill      XL: |  1  2  3  4 |
---------------+-------------+-----
Unarmed Combat | 3 4 |  4.5
Fighting       | 4 |  4.5
Armour         | |  2.4
Shields        | |  2.4

Action                   |  1- 3 |  4- 6 || total
-------------------------+-------+-------++-------
Melee: Unarmed           |   123 |   144 ||   267
       Punch             |       |     2 ||     2
Throw: Throwing net      |       |     3 ||     3
  Use: Scroll            |     2 |     3 ||     5
       Potion            |     2 |       ||     2
 Stab: Held in net/web   |       |     1 ||     1
Armor: Scale mail        |    56 |    65 ||   121
Dodge: Dodged            |    65 |    75 ||   140
Block: Kite shield       |     2 |       ||     2

Table legend: (Time is in decaauts)
 A = Elapsed time spent in this place.
 B = Non-inter-level travel time spent in this place.
 C = Inter-level travel time spent in this place.
 D = Time resting spent in this place.
 E = Time spent auto-exploring this place.
 F = Levels seen in this place.
 G = Mean time per level.
                   A        B        C        D        E       F      G
               +--------+--------+--------+--------+--------+-----+--------+
         Total |   3197 |   3106 |     91 |    957 |   1624 |   3 | 1065.7 |
       Dungeon |   3197 |   3106 |     91 |    957 |   1624 |   3 | 1065.7 |
               +--------+--------+--------+--------+--------+-----+--------+

Top non-repeatable levels by time:
     D:1: 1511 daAuts
     D:2: 1213 daAuts
     D:3: 472 daAuts
